 Dungeon Crawl Stone Soup version 0.29-a0-330-g52719c12eb (webtiles) character file.

Game seed: 4916964857017241032

1039 tilp the Cudgeller (level 8, 0/91 HPs)
             Began as a Demonspawn Gladiator on May 19, 2022.
             Was a Believer of Okawaru.
             Slain by an ogre
             ... wielding a +0 glaive
              (17 damage)
             ... in a bailey.
             The game lasted 00:08:07 (4534 turns).

tilp the Cudgeller (Demonspawn Gladiator)           Turns: 4534, Time: 00:08:07

Health: 0/91       AC: 24    Str: 17    XL:     8   Next: 4%
Magic:  11/11      EV:  2    Int: 10    God:    Okawaru [**....]
Gold:   331        SH:  0    Dex: 14    Spells: 7/7 levels left

rFire   . . .      SeeInvis .   a - +1 flail
rCold   . . .      Faith    .   (no shield)
rNeg    . . .      Spirit   .   (body armour currently unavailable)
rPois   +          Reflect  .   (helmet currently unavailable)
rElec   .          Harm     .   (cloak currently unavailable)
rCorr   .          Rampage  .   (gloves currently unavailable)
Will    .....      NoTele   +   (boots currently unavailable)
Stlth   ++........              (no amulet)
HPRegen 0.25/turn               i - +4 ring of evasion
MPRegen 0.12/turn               s - ring of flight

@: tree-form
A: stationary, stasis, torment immunity, boosted hp, (yellow scales 1), (demonic
guardian 1), powered by death 1, (demonic touch 1)
a: Renounce Religion, Heroism


You were in a bailey.
You worshipped Okawaru.
Okawaru was pleased with you.
You were a tree.
You visited 1 branch of the dungeon, and saw 6 of its levels.
You also visited: Bailey.

You collected 331 gold pieces.

Inventory:

Hand Weapons
 a - a +1 flail (weapon)
 v - a +1 mace of protection
Missiles
 d - 4 throwing nets
 e - a javelin
 g - 107 stones
 u - 12 poisoned darts (quivered)
 y - 6 boomerangs
Armour
 c - a +0 helmet (melded)
 j - a +0 cloak (melded)
 m - a +0 chain mail (melded)
Magical Staves
 k - a staff of earth
Jewellery
 i - a +4 ring of evasion (left branch)
 q - an amulet of faith
 s - a ring of flight (right branch)
Wands
 t - a wand of flame (12)
Scrolls
 n - a scroll of acquirement
 o - 2 scrolls of vulnerability
 p - a scroll of teleportation
 w - 4 scrolls of enchant weapon
Potions
 b - a potion of magic {unknown}
 f - a potion of lignification
 h - 2 potions of curing
 l - a potion of ambrosia {unknown}
 r - a potion of invisibility {unknown}
 x - a potion of might {unknown}
 z - a potion of attraction {unknown}


   Skills:
 + Level 4.5 Fighting
 + Level 6.3 Maces & Flails
 - Level 2.0 Throwing
 - Level 3.0 Dodging
 - Level 1.0 Stealth
 + Level 4.9 Invocations
 + Level 2.9 Evocations


You had 7 spell levels left.
You didn't know any spells.
Your spell library contained the following spells:

 Spells                   Type           Power      Damage    Failure   Level
 Magic Dart               Conj           0%         1d3       36%         1
 Shock                    Conj/Air       0%         1d3       36%         1
 Mephitic Cloud           Conj/Pois/Air  0%         N/A       75%         3
 Swiftness                Air            0%         N/A       75%         3
 Airstrike                Air            0%         N/A       98%         4
 Call Imp                 Summ           Unusable   N/A       N/A         2

Dungeon Overview and Level Annotations

Branches:
Dungeon (7/15)             Temple (0/1) D:7          Bailey (1/1)

Altars:
Ashenzari
Okawaru
Xom

Annotations:
D:2 dig vault
D:7 Joseph


Innate Abilities, Weirdness & Mutations

You are a tree.
Your roots penetrate the ground, keeping you stationary.
You cannot be teleported.
You are immune to unholy pain and torment.
Your maximum health is greatly increased.
Your equipment is partially melded.
((You are partially covered in yellow scales. (AC +2)))
((A weak demonic guardian rushes to your aid.))
You regenerate a little health from kills.
((Your touch may inflict minor irresistible damage on your foes.))


Message History

The ogre shouts!
You hear a shout!
You hear two shouts!
Unknown command.
An ogre comes into view. It is wielding a +0 glaive.
The ogre shouts!
You completely miss the ogre.
You touch the ogre.
The ogre is lightly wounded.
The ogre closely misses you. The ogre hits you with a +0 halberd.
You hit the ogre.
The ogre is moderately wounded.
The ogre hits you but does no damage.
The ogre hits you from afar with a +0 glaive!!
You are too injured to fight recklessly!
You are too injured to fight recklessly!
Unknown command.
You closely miss the ogre.
The ogre is moderately wounded.
The ogre hits you with a +0 halberd!!
* * * LOW HITPOINT WARNING * * *
The ogre closely misses you.
Unknown command.
Okay, then.
Really quaff the potion of lignification?
Okay, then.
Unknown command.
Really quaff the potion of lignification?
You turn into a tree.
Your +0 cloak melds into your body.
Your +0 helmet melds into your body.
Your +0 chain mail melds into your body.
Your roots penetrate the ground.
Unknown command.
Unknown command.
You completely miss the ogre.
The ogre is moderately wounded.
The ogre barely misses you. The ogre hits you but does no damage.
You barely miss the ogre.
The ogre is moderately wounded.
The ogre hits you with a +0 halberd!
* * * LOW HITPOINT WARNING * * *
The ogre hits you from afar with a +0 glaive!
You die...

##. ##.. #..#
#..♣ #..# #.O♣
#..# #O♣#
#..## ##..##
#.. ##..♣#
#..#
##..#######..#
##.........#
##.......##
##≈)≈≈≈##
#≈≈≈≈≈#


You could see 2 ogres.

Vanquished Creatures
  A steam dragon (D:7)
  Menkaure (D:5)
  A black bear (D:7)
  2 ogres
  A necrophage (D:7)
  A howler monkey (D:4)
  A jelly (D:5)
  An orc priest (D:5)
  Crazy Yiuf (D:5)
  A gnoll shaman (D:5)
  An iguana (D:7)
  2 orc wizards (D:5)
  Natasha (thrice) (D:2)
  5 gnolls (D:5)
  3 adders (D:4)
  A shadow imp (D:5)
  2 ufetubi (D:5)
  3 worms
  A dart slug (D:3)
  7 orcs
  10 ball pythons
  8 endoplasms
  4 giant cockroaches
  5 goblins
  2 hobgoblins
  A bat (D:3)
  2 frilled lizards (D:3)
  9 kobolds
  5 rats
85 creatures vanquished.

Notes
Turn   | Place    | Note
-------+----------+-------------------------------------------
     0 | D:1      | tilp the Demonspawn Gladiator began the quest for the Orb.
     0 | D:1      | Reached XP level 1. HP: 16/16 MP: 1/1
   213 | D:1      | Found a faded altar of an unknown god.
   217 | D:1      | Gained mutation: You are partially covered in yellow
                  | scales. (AC +2) [demonic ancestry]
   217 | D:1      | Reached XP level 2. HP: 22/22 MP: 2/2
   630 | D:1      | Reached skill level 3 in Maces & Flails
   640 | D:1      | Identified a scroll of acquirement
   981 | D:2      | Gained mutation: A weak demonic guardian rushes to your
                  | aid. [demonic ancestry]
   981 | D:2      | Reached XP level 3. HP: 21/28 MP: 3/3
  1064 | D:2      | Noticed Natasha
  1068 | D:2      | Killed Natasha
  1069 | D:2      | Reached skill level 1 in Stealth
  1081 | D:2      | Noticed Natasha
  1089 | D:2      | Killed Natasha
  1090 | D:2      | Gained mutation: You regenerate a little health from kills.
                  | [demonic ancestry]
  1090 | D:2      | Reached XP level 4. HP: 21/34 MP: 4/4
  1239 | D:2      | Noticed Natasha
  1247 | D:2      | Killed Natasha
  1947 | D:3      | Reached skill level 4 in Maces & Flails
  2265 | D:3      | Found a shimmering altar of Xom.
  2514 | D:4      | Found an iron altar of Okawaru.
  2522 | D:4      | Became a worshipper of Warmaster Okawaru
  2929 | D:4      | Gained mutation: Your touch may inflict minor irresistible
                  | damage on your foes. [demonic ancestry]
  2929 | D:4      | Reached XP level 5. HP: 41/41 MP: 5/5
  3348 | D:5      | Entered Level 5 of the Dungeon
  3448 | D:5      | Reached skill level 1 in Invocations
  3448 | D:5      | Reached skill level 1 in Evocations
  3511 | D:5      | Reached XP level 6. HP: 29/48 MP: 7/7
  3653 | D:5      | Noticed Menkaure
  3657 | D:5      | Killed Menkaure
  3657 | D:5      | Reached * piety under Okawaru
  3743 | D:5      | Found a runed translucent door.
  3744 | D:5      | Noticed Crazy Yiuf
  3750 | D:5      | Killed Crazy Yiuf
  3988 | D:5      | Reached skill level 5 in Maces & Flails
  3995 | D:5      | Reached XP level 7. HP: 50/54 MP: 7/9
  4187 | D:5      | You fall into a shaft and drop 2 floors!
  4195 | D:7      | Found a staircase to the Ecumenical Temple.
  4254 | D:7      | Found a broken altar of Ashenzari.
  4278 | D:7      | Noticed Joseph
  4332 | D:7      | Reached skill level 6 in Maces & Flails
  4342 | D:7      | Noticed a steam dragon
  4351 | D:7      | Reached ** piety under Okawaru
  4356 | D:7      | Killed a steam dragon
  4359 | D:7      | Found a flagged portal.
  4406 | Bailey   | Entered a bailey
  4419 | Bailey   | Reached XP level 8. HP: 41/61 MP: 11/11
  4534 | Bailey   | Slain by an ogre

Illustrated notes

Levels and vault maps discovered:
D:1:      amcnicky_arrival_gap_in_the_tavern_cellar, layout_basic,
          shapermc_ecumenical_altar_venn
D:2:      layout_rooms, chequers_jeans, grunt_decor_clamped,
          lightli_corner_chamber, uniq_natasha
D:3:      layout_rooms, nicolae_overflow_hidden_temple
D:4:      layout_loops_ring, mainiacjoe_overflow_boulevard
D:5:      layout_cave_pods, uniq_menkaure, uniq_crazy_yiuf_cottage
D:7:      layout_rooms, minitemple, grunt_gozag_breadcrumbs,
          minmay_temple_entry_hall, enter_bailey_5, uniq_duvessa, uniq_joseph
Bailey:   bailey_polearm_enchanted_keep_hellmonk, bailey

Skill      XL: |  1  2  3  4  5  6  7 |
---------------+----------------------+-----
Throwing       | 2 |  2.0
Maces & Flails | 3 4 5 6 |  6.3
Dodging        | 3 |  3.0
Stealth        | 1 |  1.0
Fighting       | 3 4 |  4.5
Invocations    | 2 3 4 |  4.9
Evocations     | 1 2 |  2.9

Action                   |  1- 3 |  4- 6 |  7- 9 || total
-------------------------+-------+-------+-------++-------
Melee: Flail             |    53 |   142 |    48 ||   243
       Punch             |     1 |     3 |       ||     4
       Touch             |       |    16 |     9 ||    25
Throw: Dart              |       |       |     5 ||     5
Invok: Heroism           |       |     1 |       ||     1
Evoke: Wand              |       |     4 |       ||     4
  Use: Scroll            |     1 |    10 |     2 ||    13
       Potion            |       |     1 |     3 ||     4
Armor: Leather armour    |     8 |       |       ||     8
       Chain mail        |    12 |    81 |    30 ||   123
       Skin              |       |       |     1 ||     1
Dodge: Dodged            |    28 |    78 |    42 ||   148

Table legend: (Time is in decaauts)
 A = Elapsed time spent in this place.
 B = Non-inter-level travel time spent in this place.
 C = Inter-level travel time spent in this place.
 D = Time resting spent in this place.
 E = Time spent auto-exploring this place.
 F = Levels seen in this place.
 G = Mean time per level.
                   A        B        C        D        E       F      G
               +--------+--------+--------+--------+--------+-----+--------+
         Total |   4595 |   4396 |    199 |    676 |   2906 |   7 |  656.4 |
       Dungeon |   4467 |   4268 |    199 |    580 |   2895 |   6 |  744.5 |
        Bailey |    128 |    128 |      0 |     96 |     11 |   1 |  128.0 |
               +--------+--------+--------+--------+--------+-----+--------+

Top non-repeatable levels by time:
     D:2: 1058 daAuts
     D:4: 924 daAuts
     D:5: 774 daAuts
     D:3: 770 daAuts
     D:1: 708 daAuts
     D:7: 230 daAuts
  Bailey: 128 daAuts
